TOP OF THE 1ST |
Richland Rails batting - Pitching for Ottawa Nationals : RHP Travis Nelson
|
Pitching: RHP Travis Nelson
|
|
Batting: LHB Roberto Soto
|
0-0: Bunt missed! 0-1: Called Strike 0-2: Foul Ball, location: 2F 0-2: Ground out U3 (Groundball, 3)
|
Batting: LHB Chris Stoltzfus
|
0-0: Fly out, F4 (Popup, 4D)
|
Batting: RHB Jung-hwan Kwon
|
0-0: Foul Ball, location: 2F 0-1: Called Strike 0-2: Strikes out swinging
|
Top of the 1st over - 0 run(s), 0 hit(s), 0 error(s), 0 left on base; Richland 0 - Ottawa 0 |
BOTTOM OF THE 1ST |
Ottawa Nationals batting - Pitching for Richland Rails : RHP Russ Horne
|
Pitching: RHP Russ Horne
|
|
Batting: RHB Howard Fewell
|
0-0: Ball 1-0: Foul Ball, location: 2F 1-1: Ball 2-1: Foul Ball, location: 2F 2-2: Ball 3-2: SINGLE (Groundball, 56)
|
Batting: RHB Michael Peterson
|
0-0: Called Strike 0-1: Called Strike Howard Fewell steals 2nd base 0-2: Ball 1-2: SINGLE (Line Drive, 8LS) Howard Fewell to third Runner from 3rd tries for Home, SAFE, no throw or cutoff
|
Batting: RHB Jesús Soto
|
0-0: Fly out, F8 (Flyball, 8RD)
|
Batting: RHB EP Weston
|
0-0: Ball 1-0: Foul Ball, location: 2F 1-1: Swinging Strike 1-2: Ball 2-2: Grounds into double play, 6-4-3 (Groundball, 6)
|
Bottom of the 1st over - 1 run(s), 2 hit(s), 0 error(s), 0 left on base; Richland 0 - Ottawa 1 |
TOP OF THE 2ND |
Richland Rails batting - Pitching for Ottawa Nationals : RHP Travis Nelson
|
Batting: SHB Jasper Otto
|
0-0: Swinging Strike 0-1: Foul Ball, location: 2F 0-2: Strikes out swinging
|
Batting: RHB Vicente Cruz
|
0-0: Ball 1-0: Ball 2-0: Fly out, F2 (Popup, 2RF)
|
Batting: RHB Justin MacPherson
|
0-0: Called Strike 0-1: Ball 1-1: Fly out, F5 (Popup, 5F)
|
Top of the 2nd over - 0 run(s), 0 hit(s), 0 error(s), 0 left on base; Richland 0 - Ottawa 1 |
BOTTOM OF THE 2ND |
Ottawa Nationals batting - Pitching for Richland Rails : RHP Russ Horne
|
Batting: RHB Dan Holliday
|
0-0: Called Strike 0-1: Ball 1-1: Called Strike 1-2: Ground out 6-3 (Groundball, 6)
|
Batting: RHB Barry Welch
|
0-0: Called Strike 0-1: Ball 1-1: Ball 2-1: Ball 3-1: Called Strike 3-2: Foul Ball, location: 2F 3-2: Foul Ball, location: 2F 3-2: Foul Ball, location: 2F 3-2: Base on Balls
|
Batting: RHB Paddy Hodnett
|
0-0: Ball 1-0: Called Strike 1-1: Called Strike 1-2: Grounds into double play, 6-4-3 (Groundball, 6M)
|
Bottom of the 2nd over - 0 run(s), 0 hit(s), 0 error(s), 0 left on base; Richland 0 - Ottawa 1 |
TOP OF THE 3RD |
Richland Rails batting - Pitching for Ottawa Nationals : RHP Travis Nelson
|
Batting: RHB Ralph Gilbert
|
0-0: Ball 1-0: Ball 2-0: Ball 3-0: Called Strike 3-1: DOUBLE (Line Drive, 5D)
|
Batting: LHB Roberto Madrid
|
0-0: Foul Ball, location: 2F 0-1: Swinging Strike 0-2: Fly out, F7 (Flyball, 7M)
|
Batting: LHB Jorge Greenbaum
|
0-0: Called Strike 0-1: Ball 1-1: Foul Ball, location: 2F 1-2: Fly out, F6 (Popup, 56D)
|
Batting: LHB Roberto Soto
|
0-0: Ball 1-0: Ground out U3 (Groundball, 3)
|
Top of the 3rd over - 0 run(s), 1 hit(s), 0 error(s), 1 left on base; Richland 0 - Ottawa 1 |
BOTTOM OF THE 3RD |
Ottawa Nationals batting - Pitching for Richland Rails : RHP Russ Horne
|
Batting: RHB Dan Curtis
|
0-0: Called Strike 0-1: Fly out, F9 (Popup, 34D)
|
Batting: LHB Javier Hernández
|
0-0: Foul Ball, location: 2F 0-1: Swinging Strike 0-2: Foul Ball, location: 2F 0-2: Ball 1-2: Ground out 3-1 (Groundball, 34)
|
Batting: RHB Howard Fewell
|
0-0: Ball 1-0: Ball 2-0: Foul Ball, location: 2F 2-1: Foul Ball, location: 2F 2-2: Strikes out swinging
|
Bottom of the 3rd over - 0 run(s), 0 hit(s), 0 error(s), 0 left on base; Richland 0 - Ottawa 1 |
TOP OF THE 4TH |
Richland Rails batting - Pitching for Ottawa Nationals : RHP Travis Nelson
|
Batting: LHB Chris Stoltzfus
|
0-0: Foul Ball, location: 2F 0-1: Called Strike 0-2: Ball 1-2: Foul Ball, location: 2F 1-2: Fly out, F8 (Flyball, 8RM)
|
Batting: RHB Jung-hwan Kwon
|
0-0: Foul Ball, location: 2F 0-1: Ball 1-1: Foul Ball, location: 2F 1-2: Ground out 1-3 (Groundball, 13)
|
Batting: SHB Jasper Otto
|
0-0: Ground out 5-3 (Groundball, 56S)
|
Top of the 4th over - 0 run(s), 0 hit(s), 0 error(s), 0 left on base; Richland 0 - Ottawa 1 |
BOTTOM OF THE 4TH |
Ottawa Nationals batting - Pitching for Richland Rails : RHP Russ Horne
|
Batting: RHB Michael Peterson
|
0-0: Ground out 4-3 (Groundball, 4M)
|
Batting: RHB Jesús Soto
|
0-0: Ball 1-0: Foul Ball, location: 2F 1-1: Ball 2-1: Ball 3-1: Base on Balls
|
Batting: RHB EP Weston
|
0-0: Ball 1-0: Ball 2-0: Called Strike 2-1: Foul Ball, location: 2F 2-2: Ball 3-2: Hit by Pitch Jesús Soto to second
|
Batting: RHB Dan Holliday
|
0-0: Ball 1-0: Swinging Strike 1-1: Called Strike 1-2: Ball 2-2: Foul Ball, location: 2F 2-2: DOUBLE (Flyball, 9D) Jesús Soto scores EP Weston to third
|
Batting: RHB Barry Welch
|
0-0: Ball 1-0: Called Strike 1-1: Ball 2-1: Called Strike 2-2: Foul Ball, location: 2F 2-2: Foul Ball, location: 2F 2-2: Ball 3-2: Base on Balls
|
Batting: RHB Paddy Hodnett
|
0-0: Foul Ball, location: 2F 0-1: Foul Ball, location: 2F 0-2: Grounds into fielders choice 1-2 (Groundball, 13S) Dan Holliday to third Barry Welch to second
|
Batting: RHB Dan Curtis
|
0-0: Ball 1-0: Ball 2-0: Ball 3-0: Base on Balls Dan Holliday scores Barry Welch to third Paddy Hodnett to second
|
Batting: LHB Javier Hernández
|
0-0: Foul Ball, location: 2F 0-1: Foul Ball, location: 2F 0-2: Ball 1-2: Ball 2-2: Ball 3-2: DOUBLE (Line Drive, 89M) Barry Welch scores Paddy Hodnett scores Dan Curtis to third Dan Curtis scores
|
Pitching: RHP Manuel Morales
|
|
Batting: RHB Howard Fewell
|
0-0: Ball 1-0: Ground out 4-3 (Groundball, 4M)
|
Bottom of the 4th over - 5 run(s), 2 hit(s), 0 error(s), 1 left on base; Richland 0 - Ottawa 6 |
TOP OF THE 5TH |
Richland Rails batting - Pitching for Ottawa Nationals : RHP Travis Nelson
|
Batting: RHB Vicente Cruz
|
0-0: Ball 1-0: Foul Ball, location: 2F 1-1: Ball 2-1: Foul Ball, location: 2F 2-2: Ball 3-2: Foul Ball, location: 2F 3-2: Foul Ball, location: 2F 3-2: Fly out, F8 (Flyball, 8LD)
|
Batting: RHB Justin MacPherson
|
0-0: Fly out, F7 (Flyball, 78M)
|
Batting: RHB Ralph Gilbert
|
0-0: Called Strike 0-1: Ground out 1-3 (Groundball, 15)
|
Top of the 5th over - 0 run(s), 0 hit(s), 0 error(s), 0 left on base; Richland 0 - Ottawa 6 |
BOTTOM OF THE 5TH |
Ottawa Nationals batting - Pitching for Richland Rails : RHP Manuel Morales
|
Batting: RHB Michael Peterson
|
0-0: Ball 1-0: Fly out, F8 (Flyball, 78XD)
|
Batting: RHB Jesús Soto
|
0-0: Called Strike 0-1: Ball 1-1: Foul Ball, location: 2F 1-2: Ground out 6-3 (Groundball, 6)
|
Batting: RHB EP Weston
|
0-0: Ball 1-0: Ball 2-0: Ball 3-0: Base on Balls
|
Batting: RHB Dan Holliday
|
0-0: Called Strike 0-1: Foul Ball, location: 2F 0-2: Ball 1-2: Ball 2-2: Fielders Choice at 2nd, U6 (Groundball, 6M)
|
Bottom of the 5th over - 0 run(s), 0 hit(s), 0 error(s), 1 left on base; Richland 0 - Ottawa 6 |
TOP OF THE 6TH |
Richland Rails batting - Pitching for Ottawa Nationals : RHP Travis Nelson
|
Batting: LHB Roberto Madrid
|
0-0: Called Strike 0-1: Called Strike 0-2: Foul Ball, location: 2F 0-2: Ball 1-2: Strikes out looking
|
Batting: LHB Jorge Greenbaum
|
0-0: Ball 1-0: Fly out, F7 (Flyball, 78D)
|
Batting: LHB Roberto Soto
|
0-0: Foul Ball, location: 2F 0-1: Called Strike 0-2: Ball 1-2: Ball 2-2: Strikes out swinging
|
Top of the 6th over - 0 run(s), 0 hit(s), 0 error(s), 0 left on base; Richland 0 - Ottawa 6 |
BOTTOM OF THE 6TH |
Ottawa Nationals batting - Pitching for Richland Rails : RHP Manuel Morales
|
Batting: RHB Barry Welch
|
0-0: Fly out, F4 (Popup, 3DF)
|
Batting: RHB Paddy Hodnett
|
0-0: Swinging Strike 0-1: Ball 1-1: Ball 2-1: Called Strike 2-2: Foul Ball, location: 2F 2-2: Foul Ball, location: 2F 2-2: Strikes out swinging
|
Batting: RHB Dan Curtis
|
0-0: Ball 1-0: Called Strike 1-1: Fly out, F9 (Flyball, 89M)
|
Bottom of the 6th over - 0 run(s), 0 hit(s), 0 error(s), 0 left on base; Richland 0 - Ottawa 6 |
TOP OF THE 7TH |
Richland Rails batting - Pitching for Ottawa Nationals : RHP Travis Nelson
|
Batting: LHB Chris Stoltzfus
|
0-0: Ball 1-0: Ball 2-0: Called Strike 2-1: Ball 3-1: Called Strike 3-2: Base on Balls
|
Batting: RHB Jung-hwan Kwon
|
0-0: Foul Ball, location: 2F 0-1: Ball 1-1: Called Strike 1-2: Ball 2-2: Ball 3-2: Foul Ball, location: 2F 3-2: Fly out, F9 (Flyball, 9M)
|
Batting: SHB Jasper Otto
|
0-0: Called Strike 0-1: SINGLE (Groundball, 6MS) (infield hit) Chris Stoltzfus to second
|
Batting: RHB Vicente Cruz
|
0-0: Foul Ball, location: 2F 0-1: Fly out, F4 (Popup, 4M)
|
Batting: RHB Justin MacPherson
|
0-0: Fly out, F9 (Popup, 89S)
|
Top of the 7th over - 0 run(s), 1 hit(s), 0 error(s), 2 left on base; Richland 0 - Ottawa 6 |
BOTTOM OF THE 7TH |
Ottawa Nationals batting - Pitching for Richland Rails : RHP Manuel Morales
|
Batting: LHB Javier Hernández
|
0-0: Ball 1-0: Ball 2-0: Foul Ball, location: 2F 2-1: Called Strike 2-2: Ball 3-2: Fly out, F7 (Flyball, 7S)
|
Batting: RHB Howard Fewell
|
0-0: Foul Ball, location: 2F 0-1: Ground out 5-3 (Groundball, 5L)
|
Batting: RHB Michael Peterson
|
0-0: Ball 1-0: Ball 2-0: Ball 3-0: Base on Balls
|
Batting: RHB Jesús Soto
|
0-0: Foul Ball, location: 2F 0-1: Ball 1-1: Swinging Strike 1-2: Ground out 4-3 (Groundball, 4)
|
Bottom of the 7th over - 0 run(s), 0 hit(s), 0 error(s), 1 left on base; Richland 0 - Ottawa 6 |
TOP OF THE 8TH |
Richland Rails batting - Pitching for Ottawa Nationals : RHP Travis Nelson
|
Batting: RHB Ralph Gilbert
|
0-0: Ball 1-0: Ball 2-0: Foul Ball, location: 2F 2-1: Swinging Strike 2-2: Strikes out swinging
|
Batting: LHB Roberto Madrid
|
0-0: Called Strike 0-1: Ball 1-1: Fly out, F7 (Flyball, 78D)
|
Batting: LHB Jorge Greenbaum
|
0-0: Ball 1-0: Ball 2-0: Ball 3-0: Called Strike 3-1: Foul Ball, location: 2F 3-2: Base on Balls
|
Batting: LHB Roberto Soto
|
0-0: Swinging Strike 0-1: Ball 1-1: Foul Ball, location: 2F 1-2: Ball 2-2: Ball 3-2: Base on Balls Jorge Greenbaum to second
|
Batting: LHB Chris Stoltzfus
|
0-0: Ball 1-0: Called Strike 1-1: Ball 2-1: Called Strike 2-2: Strikes out swinging
|
Top of the 8th over - 0 run(s), 0 hit(s), 0 error(s), 2 left on base; Richland 0 - Ottawa 6 |
BOTTOM OF THE 8TH |
Ottawa Nationals batting - Pitching for Richland Rails : RHP Manuel Morales
|
Batting: RHB EP Weston
|
0-0: Fly out, F9 (Line Drive, 9M)
|
Batting: RHB Dan Holliday
|
0-0: Ball 1-0: Ground out U3 (Groundball, 3S)
|
Batting: RHB Barry Welch
|
0-0: Called Strike 0-1: Ball 1-1: Ground out 6-3 (Groundball, 6S)
|
Bottom of the 8th over - 0 run(s), 0 hit(s), 0 error(s), 0 left on base; Richland 0 - Ottawa 6 |
TOP OF THE 9TH |
Richland Rails batting - Pitching for Ottawa Nationals : RHP Travis Nelson
|
Now in RF: Marvin Collier
|
|
Batting: RHB Jung-hwan Kwon
|
0-0: Ball 1-0: Ball 2-0: Ball 3-0: Base on Balls
|
Pitching: RHP Rubén Villarreal
|
|
Batting: SHB Jasper Otto
|
0-0: Ball 1-0: Grounds into double play, 5-4-3 (Groundball, 5)
|
Batting: RHB Vicente Cruz
|
0-0: Foul Ball, location: 2F 0-1: Called Strike 0-2: Ball 1-2: Ball 2-2: Strikes out looking
|
Top of the 9th over - 0 run(s), 0 hit(s), 0 error(s), 0 left on base; Richland 0 - Ottawa 6 |
|